PAA
FT. POLK SOUTH THUNDER HAWKS @ VIRGINIA PALLADIUM SOX
09/02/2038
 
TOP OF THE 1ST
Ft. Polk South Thunder Hawks batting - Pitching for Virginia Palladium Sox : LHP Tony Torres
Pitching: LHP Tony Torres
Batting: RHB Juho Hovinen 0-0: Called Strike
0-1: Ball
1-1: Ball
2-1: Foul Ball, location: 2F
2-2: Ball
3-2: Foul Ball, location: 2F
3-2: Foul Ball, location: 2F
3-2: Strikes out swinging
Batting: LHB Roberto Baca 0-0: Called Strike
0-1: Called Strike
0-2: Strikes out swinging
Batting: RHB Terry Kurucz 0-0: Ball
1-0: Foul Ball, location: 2F
1-1: Called Strike
1-2: Foul Ball, location: 2F
1-2: Foul Ball, location: 2F
1-2: Ball
2-2: Foul Ball, location: 2F
2-2: Ground out 6-3 (Groundball, 6, EV 86.9 MPH)
Top of the 1st over - 0 runs, 0 hits, 0 errors, 0 left on base; Ft. Polk South 0 - Virginia 0
BOTTOM OF THE 1ST
Virginia Palladium Sox batting - Pitching for Ft. Polk South Thunder Hawks : RHP Jeff Wright
Pitching: RHP Jeff Wright
Batting: LHB Jorge Castillo 0-0: Foul Ball, location: 2F
0-1: Ball
1-1: Fly out, F8 (Flyball, 8RD, EV 101.2 MPH)
Batting: RHB John Ryan 0-0: Foul Ball, location: 2F
0-1: Ground out 6-3 (Groundball, 56, EV 80.0 MPH)
Batting: LHB Chris Fitzgerald 0-0: Ball
1-0: Ball
2-0: Ball
3-0: Called Strike
3-1: Called Strike
3-2: Strikes out swinging
Bottom of the 1st over - 0 runs, 0 hits, 0 errors, 0 left on base; Ft. Polk South 0 - Virginia 0
TOP OF THE 2ND
Ft. Polk South Thunder Hawks batting - Pitching for Virginia Palladium Sox : LHP Tony Torres
Batting: LHB Carlos Castro 0-0: Foul Ball, location: 2F
0-1: Hit by Pitch
Batting: RHB Justin Forbes 0-0: Called Strike
0-1: Ball
1-1: Ball
2-1: Ball
3-1: Foul Ball, location: 2F
3-2: Strikes out swinging
Batting: LHB Anastasio Flores 0-0: Called Strike
0-1: Called Strike
0-2: Ball
1-2: Ball
2-2: Foul Ball, location: 2F
2-2: Foul Ball, location: 2F
2-2: Foul Ball, location: 2F
2-2: Reached on error, E5 (Groundball, 56S, EV 83.1 MPH)
Carlos Castro to second
Batting: LHB Gregory Clement 0-0: Called Strike
0-1: Reached on error, E6 (Groundball, 6M, EV 88.1 MPH)
Carlos Castro to third
Anastasio Flores to second
Batting: RHB Miguel Pacheco 0-0: Ball
1-0: Foul Ball, location: 2F
1-1: Foul Ball, location: 2F
1-2: Strikes out swinging
Batting: RHB Raśl Colomo 0-0: Called Strike
0-1: Ground out U3 (Groundball, 34, EV 91.9 MPH)
Top of the 2nd over - 0 runs, 0 hits, 2 errors, 3 left on base; Ft. Polk South 0 - Virginia 0
BOTTOM OF THE 2ND
Virginia Palladium Sox batting - Pitching for Ft. Polk South Thunder Hawks : RHP Jeff Wright
Batting: RHB Cristo Cuervo 0-0: Ball
1-0: Ball
2-0: Called Strike
2-1: Foul Ball, location: 2F
2-2: Foul Ball, location: 2F
2-2: DOUBLE (Line Drive, 9LD, EV 100.0 MPH)
Batting: RHB Seung-hwan Pak 0-0: Ball
1-0: Ball
2-0: Ball
3-0: Called Strike
3-1: Called Strike
3-2: Fly out, F4 (Popup, 4M, EV 53.1 MPH)
Batting: RHB Leonard Carroll 0-0: Called Strike
0-1: Called Strike
0-2: Ball
1-2: SINGLE (Groundball, 56D, EV 95.0 MPH)
Cristo Cuervo to third
Batting: RHB Juan Ocasio 0-0: Called Strike
0-1: Called Strike
0-2: Foul Ball, location: 2F
0-2: Ball
1-2: Ball
2-2: Strikes out swinging
Batting: RHB Andre Fezzik 0-0: Foul Ball, location: 2F
0-1: Called Strike
0-2: Ball
1-2: Foul Ball, location: 2F
1-2: Ball
2-2: Foul Ball, location: 2F
2-2: Fielders Choice at 2nd, 5-4 (Groundball, 56, EV 88.1 MPH)
Bottom of the 2nd over - 0 runs, 2 hits, 0 errors, 2 left on base; Ft. Polk South 0 - Virginia 0
TOP OF THE 3RD
Ft. Polk South Thunder Hawks batting - Pitching for Virginia Palladium Sox : LHP Tony Torres
Batting: RHB Juho Hovinen 0-0: Called Strike
0-1: SINGLE (Groundball, 6MD, EV 102.5 MPH)
Batting: LHB Roberto Baca 0-0: Called Strike
0-1: Called Strike
0-2: Foul Ball, location: 2F
0-2: Ball
1-2: Ball
2-2: Fielders Choice at 2nd, 6-4 (Groundball, 6, EV 84.4 MPH)
Batting: RHB Terry Kurucz 0-0: Called Strike
0-1: Ball
Roberto Baca is caught stealing 2nd base 2-4
1-1: Ball
2-1: Foul Ball, location: 2F
2-2: Foul Ball, location: 2F
2-2: Ground out 6-3 (Groundball, 6MS, EV 62.5 MPH)
Top of the 3rd over - 0 runs, 1 hit, 0 errors, 0 left on base; Ft. Polk South 0 - Virginia 0
BOTTOM OF THE 3RD
Virginia Palladium Sox batting - Pitching for Ft. Polk South Thunder Hawks : RHP Jeff Wright
Batting: RHB Dave Lewis 0-0: Foul Ball, location: 2F
0-1: Ball
1-1: Ball
2-1: Ground out 6-3 (Groundball, 6, EV 99.4 MPH)
Batting: LHB Jorge Castillo 0-0: SINGLE (Line Drive, 5D, EV 101.9 MPH)
Batting: RHB John Ryan 0-0: Ball
1-0: Ball
2-0: Ball
3-0: Called Strike
3-1: Foul Ball, location: 2F
3-2: Foul Ball, location: 2F
3-2: Base on Balls
Jorge Castillo to second
Batting: LHB Chris Fitzgerald 0-0: Ball
1-0: Foul Ball, location: 2F
1-1: Ball
2-1: Ball
3-1: Base on Balls
Jorge Castillo to third
John Ryan to second
Batting: RHB Cristo Cuervo 0-0: Swinging Strike
0-1: Ball
1-1: Ball
2-1: Ball
3-1: Foul Ball, location: 2F
3-2: SINGLE (Line Drive, 7LS, EV 86.2 MPH)
Jorge Castillo scores
John Ryan to third
Chris Fitzgerald to second
Runner from 3rd tries for Home, SAFE, no throw by LF
Batting: RHB Seung-hwan Pak 0-0: Called Strike
0-1: Grounds into double play, 4-6-3 (Groundball, 34, EV 95.0 MPH)
Bottom of the 3rd over - 2 runs, 2 hits, 0 errors, 1 left on base; Ft. Polk South 0 - Virginia 2
TOP OF THE 4TH
Ft. Polk South Thunder Hawks batting - Pitching for Virginia Palladium Sox : LHP Tony Torres
Batting: LHB Carlos Castro 0-0: Ball
1-0: Swinging Strike
1-1: Ball
2-1: Called Strike
2-2: Ball
3-2: Foul Ball, location: 2F
3-2: Base on Balls
Batting: RHB Justin Forbes 0-0: Ball
1-0: Foul Ball, location: 2F
1-1: SINGLE (Groundball, 34D, EV 93.8 MPH)
Carlos Castro to second
Runner from 2nd tries for 3rd, SAFE, no throw by RF
Batting: LHB Anastasio Flores 0-0: SINGLE (Groundball, 6D, EV 94.4 MPH)
Carlos Castro scores
Justin Forbes to second
Batting: LHB Gregory Clement 0-0: Ball
1-0: 3-RUN HOME RUN (Flyball, 9D, EV 107.5 MPH), Distance : 347 ft
Batting: RHB Miguel Pacheco 0-0: Ball
1-0: Foul Ball, location: 2F
1-1: Swinging Strike
1-2: Fly out, F7 (Flyball, 7S, EV 86.2 MPH)
Batting: RHB Raśl Colomo 0-0: Ball
1-0: Foul Ball, location: 2F
1-1: Ball
2-1: SOLO HOME RUN (Flyball, 7LD, EV 105.0 MPH), Distance : 324 ft
Batting: RHB Juho Hovinen 0-0: Called Strike
0-1: Ball
1-1: Called Strike
1-2: SINGLE (Groundball, 6MD, EV 97.5 MPH)
Batting: LHB Roberto Baca 0-0: Called Strike
0-1: Ball
1-1: Foul Ball, location: 2F
1-2: Ball
2-2: Strikes out looking
Pitching: RHP Ron Harris
Batting: RHB Terry Kurucz 0-0: Ball
1-0: Ball
2-0: Ball
3-0: Called Strike
3-1: Foul Ball, location: 2F
3-2: Fly out, F9 (Flyball, 9LM, EV 88.1 MPH)
Top of the 4th over - 5 runs, 5 hits, 0 errors, 1 left on base; Ft. Polk South 5 - Virginia 2
BOTTOM OF THE 4TH
Virginia Palladium Sox batting - Pitching for Ft. Polk South Thunder Hawks : RHP Jeff Wright
Batting: RHB Leonard Carroll 0-0: Ball
1-0: Fly out, F8 (Flyball, 78D, EV 100.0 MPH)
Batting: RHB Juan Ocasio 0-0: Called Strike
0-1: Called Strike
0-2: Foul Ball, location: 2F
0-2: Foul Ball, location: 2F
0-2: Fly out, F4 (Popup, 4, EV 63.8 MPH)
Batting: RHB Andre Fezzik 0-0: Swinging Strike
0-1: Foul Ball, location: 2F
0-2: Ball
1-2: Ball
2-2: Strikes out looking
Bottom of the 4th over - 0 runs, 0 hits, 0 errors, 0 left on base; Ft. Polk South 5 - Virginia 2
TOP OF THE 5TH
Ft. Polk South Thunder Hawks batting - Pitching for Virginia Palladium Sox : RHP Ron Harris
Batting: LHB Carlos Castro 0-0: Ball
1-0: Ball
2-0: Called Strike
2-1: Called Strike
2-2: Ball
3-2: Base on Balls
Batting: RHB Justin Forbes 0-0: Called Strike
0-1: Foul Ball, location: 2F
0-2: Fly out, F8 (Flyball, 8LM, EV 88.1 MPH)
Batting: LHB Anastasio Flores 0-0: Foul Ball, location: 2F
0-1: Foul Ball, location: 2F
0-2: Strikes out swinging
Batting: LHB Gregory Clement 0-0: Called Strike
0-1: Called Strike
0-2: Ball
1-2: Fly out, F3 (Line Drive, 3, EV 65.0 MPH)
Top of the 5th over - 0 runs, 0 hits, 0 errors, 1 left on base; Ft. Polk South 5 - Virginia 2
BOTTOM OF THE 5TH
Virginia Palladium Sox batting - Pitching for Ft. Polk South Thunder Hawks : RHP Jeff Wright
Batting: RHB Dave Lewis 0-0: Ball
1-0: Foul Ball, location: 2F
1-1: Ball
2-1: Called Strike
2-2: Ground out 6-3 (Groundball, 6M, EV 102.5 MPH)
Pitching: RHP Xiu-tou Song
Batting: LHB Jorge Castillo 0-0: Ball
1-0: Foul Ball, location: 2F
1-1: Foul Ball, location: 2F
1-2: Fly out, F7 (Flyball, 7S, EV 71.9 MPH)
Batting: RHB John Ryan 0-0: Ball
1-0: Ball
2-0: Ball
3-0: Called Strike
3-1: Called Strike
3-2: Foul Ball, location: 2F
3-2: Ground out 4-3 (Groundball, 4, EV 85.6 MPH)
Bottom of the 5th over - 0 runs, 0 hits, 0 errors, 0 left on base; Ft. Polk South 5 - Virginia 2
TOP OF THE 6TH
Ft. Polk South Thunder Hawks batting - Pitching for Virginia Palladium Sox : RHP Ron Harris
Batting: RHB Miguel Pacheco 0-0: Foul Ball, location: 2F
0-1: Swinging Strike
0-2: Strikes out swinging
Batting: RHB Raśl Colomo 0-0: Ground out 4-3 (Groundball, 4, EV 101.9 MPH)
Batting: RHB Juho Hovinen 0-0: Called Strike
0-1: DOUBLE (Line Drive, 78XD, EV 111.2 MPH)
Batting: LHB Roberto Baca 0-0: Called Strike
0-1: Swinging Strike
0-2: Ball
1-2: Strikes out swinging
Top of the 6th over - 0 runs, 1 hit, 0 errors, 1 left on base; Ft. Polk South 5 - Virginia 2
BOTTOM OF THE 6TH
Virginia Palladium Sox batting - Pitching for Ft. Polk South Thunder Hawks : RHP Xiu-tou Song
Batting: LHB Chris Fitzgerald 0-0: Ball
1-0: Foul Ball, location: 2F
1-1: Ball
2-1: Ground out 4-3 (Groundball, 4, EV 82.5 MPH)
Batting: RHB Cristo Cuervo 0-0: Ball
1-0: Called Strike
1-1: Ball
2-1: Swinging Strike
2-2: Strikes out swinging
Batting: RHB Seung-hwan Pak 0-0: Called Strike
0-1: Ball
1-1: Foul Ball, location: 2F
1-2: Fly out, F8 (Flyball, 8LXD, EV 108.1 MPH)
Bottom of the 6th over - 0 runs, 0 hits, 0 errors, 0 left on base; Ft. Polk South 5 - Virginia 2
TOP OF THE 7TH
Ft. Polk South Thunder Hawks batting - Pitching for Virginia Palladium Sox : RHP Ron Harris
Batting: RHB Terry Kurucz 0-0: Ball
1-0: Fly out, F9 (Flyball, 9S, EV 84.4 MPH)
Batting: LHB Carlos Castro 0-0: Ground out 4-3 (Groundball, 4, EV 103.8 MPH)
Batting: RHB Justin Forbes 0-0: Called Strike
0-1: Foul Ball, location: 2F
0-2: Strikes out looking
Top of the 7th over - 0 runs, 0 hits, 0 errors, 0 left on base; Ft. Polk South 5 - Virginia 2
BOTTOM OF THE 7TH
Virginia Palladium Sox batting - Pitching for Ft. Polk South Thunder Hawks : RHP Xiu-tou Song
Batting: RHB Leonard Carroll 0-0: Called Strike
0-1: Ball
1-1: Ball
2-1: Foul Ball, location: 2F
2-2: Ball
3-2: Base on Balls
Batting: RHB Juan Ocasio 0-0: Called Strike
0-1: Ball
1-1: Called Strike
1-2: Fly out, F9 (Flyball, 9LM, EV 89.4 MPH)
Batting: RHB Andre Fezzik 0-0: Ball
1-0: Called Strike
1-1: Ball
2-1: Ball
3-1: Base on Balls
Leonard Carroll to second
Batting: RHB Dave Lewis 0-0: Ball
1-0: Swinging Strike
1-1: Foul Ball, location: 2F
1-2: Strikes out swinging
Batting: LHB Jorge Castillo 0-0: Called Strike
0-1: Fly out, F7 (Flyball, 7S, EV 85.0 MPH)
Bottom of the 7th over - 0 runs, 0 hits, 0 errors, 2 left on base; Ft. Polk South 5 - Virginia 2
TOP OF THE 8TH
Ft. Polk South Thunder Hawks batting - Pitching for Virginia Palladium Sox : RHP Ron Harris
Batting: LHB Anastasio Flores 0-0: Ball
1-0: Ball
2-0: Swinging Strike
2-1: Foul Ball, location: 2F
2-2: Foul Ball, location: 2F
2-2: Foul Ball, location: 2F
2-2: SINGLE (Groundball, 34D, EV 95.6 MPH)
Pitching: RHP Billy Sipple
Batting: LHB Gregory Clement 0-0: Ball
1-0: 2-RUN HOME RUN (Flyball, 9LD, EV 91.2 MPH), Distance : 340 ft
Batting: RHB Miguel Pacheco 0-0: Ball
1-0: Ball
2-0: Foul Ball, location: 2F
2-1: Foul Ball, location: 2F
2-2: Strikes out swinging
Batting: RHB Raśl Colomo 0-0: Ball
1-0: SINGLE (Line Drive, 34D, EV 95.0 MPH)
Batting: RHB Juho Hovinen 0-0: DOUBLE (Groundball, 5L, EV 105.6 MPH)
Raśl Colomo to third
Runner from 3rd tries for Home, SAFE, throw by LF to trailing runner, OUT at third! 7-6-5
Batting: LHB Roberto Baca 0-0: Ball
1-0: Fly out, F5 (Popup, 5F, EV 59.4 MPH)
Top of the 8th over - 3 runs, 4 hits, 0 errors, 0 left on base; Ft. Polk South 8 - Virginia 2
BOTTOM OF THE 8TH
Virginia Palladium Sox batting - Pitching for Ft. Polk South Thunder Hawks : RHP Xiu-tou Song
Batting: RHB John Ryan 0-0: Called Strike
0-1: Foul Ball, location: 2F
0-2: Foul Ball, location: 2F
0-2: Ball
1-2: Fly out, F9 (Flyball, 9S, EV 88.8 MPH)
Batting: LHB Chris Fitzgerald 0-0: Ball
1-0: Swinging Strike
1-1: Ball
2-1: Foul Ball, location: 2F
2-2: Foul Ball, location: 2F
2-2: Ball
3-2: Foul Ball, location: 2F
3-2: SINGLE (Groundball, 34S, EV 78.1 MPH) (infield hit)
Pitching: RHP Ken Bates
Batting: RHB Cristo Cuervo 0-0: DOUBLE (Line Drive, 8LXD, EV 101.9 MPH)
Chris Fitzgerald to third
Batting: RHB Seung-hwan Pak 0-0: Fly out, F9 (Line Drive, 9, EV 88.1 MPH)
Batting: RHB Leonard Carroll 0-0: Ball
1-0: Fly out, F3 (Line Drive, 3, EV 68.8 MPH)
Bottom of the 8th over - 0 runs, 2 hits, 0 errors, 2 left on base; Ft. Polk South 8 - Virginia 2
TOP OF THE 9TH
Ft. Polk South Thunder Hawks batting - Pitching for Virginia Palladium Sox : RHP Billy Sipple
Batting: RHB Terry Kurucz 0-0: Ball
1-0: Ball
2-0: Ball
3-0: Base on Balls
Batting: LHB Carlos Castro 0-0: Ball
1-0: Ball
2-0: Ball
3-0: Base on Balls
Terry Kurucz to second
Batting: RHB Justin Forbes 0-0: Fly out, F3 (Popup, 23F, EV 93.8 MPH)
Batting: LHB Anastasio Flores 0-0: Ball
1-0: Called Strike
1-1: Swinging Strike
1-2: Fly out, F8 (Flyball, 78S, EV 83.1 MPH)
Batting: LHB Gregory Clement 0-0: Ball
1-0: Foul Ball, location: 2F
1-1: Foul Ball, location: 2F
1-2: Ball
2-2: Ball
3-2: Strikes out swinging
Top of the 9th over - 0 runs, 0 hits, 0 errors, 2 left on base; Ft. Polk South 8 - Virginia 2
BOTTOM OF THE 9TH
Virginia Palladium Sox batting - Pitching for Ft. Polk South Thunder Hawks : RHP Ken Bates
Batting: RHB Juan Ocasio 0-0: Called Strike
0-1: Foul Ball, location: 2F
0-2: Ball
1-2: Strikes out swinging
Batting: RHB Andre Fezzik 0-0: Ball
1-0: Fly out, F9 (Flyball, 9S, EV 86.2 MPH)
Batting: RHB Dave Lewis 0-0: Fly out, F8 (Flyball, 8LM, EV 85.0 MPH)
Bottom of the 9th over - 0 runs, 0 hits, 0 errors, 0 left on base; Ft. Polk South 8 - Virginia 2
Friday, April 17th, 2020 - OOTP Baseball 20.8 Build 74